BAKERSFIELD Condors vs SPRINGFIELD Thunderbirds

Created - 22 avril 2024 at 11:10

Goals
1 2 3 T
BAKERSFIELD Condors 0 1 1 2
SPRINGFIELD Thunderbirds 0 2 2 4
Shots
1 2 3 T
BAKERSFIELD Condors 5 5 12 22
SPRINGFIELD Thunderbirds 5 13 14 32

1st period

No Goal

Penalties :
Trey Fix-Wolansky (edm) for Roughing (Minor) at 0:51, Markus Niemelainen (stl) for Slashing (Minor) at 17:02

2nd period

1. SPRINGFIELD Thunderbirds , Jacob Peterson 30 (MacKenzie Entwistle 62) at 4:52
2. BAKERSFIELD Condors , Jack Quinn 75 (Haydn Fleury 53, Lukas Reichel 68) at 14:08 (PP)
3. SPRINGFIELD Thunderbirds , Dylan Coghlan 20 (Austin Czarnik 56, MacKenzie Entwistle 63) at 15:04 (PP)

Penalties :
MacKenzie Entwistle (stl) for Slashing (Minor) at 13:44, Marcus Bjork (edm) for Cross-checking (Minor) at 14:38

3rd period

4. BAKERSFIELD Condors , Haydn Fleury 20 (J.J. Peterka 58, Marcus Bjork 65) at 0:28
5. SPRINGFIELD Thunderbirds , Austin Czarnik 20 (Dylan Coghlan 66, MacKenzie Entwistle 64) at 4:50
6. SPRINGFIELD Thunderbirds , Simon Edvinsson 15 (Buddy Robinson 32, Lane Pederson 56) at 10:29

Penalties :
Lassi Thomson (edm) for Hooking (Minor) at 0:51

Goalie Stats

Mads Sogaard (edm), 28 saves from 32 shots - (0,875), L, 57-28-2, 60:00 minutes
Dan Vladar (stl), 20 saves from 22 shots - (0,909), W, 52-25-6, 60:00 minutes

Players Stats for BAKERSFIELD Condors

Player Name              G  A  P  +/- PIM S  H  SB GA TA FO     MP     PP MP  PK MP  
------------------------------------------------------------------------------------
Andrej Sustr             0  0  0   0  0   0  3  0  0  0  0/0    18:43   0:57   1:54 
Haydn Fleury             1  1  2   0  0   2  2  3  0  0  0/0    23:43   1:26   2:30 
J.J. Peterka             0  1  1  -1  0   1  2  0  0  0  1/4    24:29   1:21   2:54 
Jack Quinn               1  0  1  -1  0   5  3  0  0  0  3/8    24:56   1:21   2:49 
Lassi Thomson            0  0  0  -2  2   0  2  0  0  0  0/0    10:06   0:00   0:00 
Lukas Reichel            0  1  1  -1  0   1  2  0  0  0  8/18   22:59   1:21   1:24 
Madison Bowey            0  0  0   0  0   1  0  0  0  0  0/0     7:27   0:00   0:00 
Marcus Bjork             0  1  1   0  2   1  1  1  0  0  0/0    23:16   1:26   2:04 
Matej Blumel             0  0  0   0  0   0  1  0  0  0  1/2    20:09   1:02   0:00 
Milos Kelemen            0  0  0  -1  0   1  1  0  0  0  0/0    13:52   0:00   0:00 
Otto Leskinen            0  0  0   0  0   0  0  0  0  0  0/0     0:00   0:00   0:00 
Ryan O'Rourke            0  0  0   0  0   0  0  0  0  0  0/0     7:27   0:00   0:00 
Shane Bowers             0  0  0  -1  0   0  2  0  0  0  3/14   14:25   0:00   1:05 
Thomas Bordeleau         0  0  0  -1  0   0  2  0  0  0  4/9    13:52   0:00   0:00 
Trevor Carrick           0  0  0   0  0   1  3  3  0  0  0/0    18:43   0:57   1:54 
Trey Fix-Wolansky        0  0  0   0  2   4  2  0  0  0  1/1    20:44   1:02   0:36 
Will Bitten              0  0  0   0  0   4  2  0  0  0  9/30   20:09   1:02   0:00 
Wyatt Kaiser             0  0  0  -2  0   1  0  0  0  0  0/0    10:33   0:00   0:26 

Players Stats for SPRINGFIELD Thunderbirds

Player Name              G  A  P  +/- PIM S  H  SB GA TA FO     MP     PP MP  PK MP  
------------------------------------------------------------------------------------
Andrew Agozzino          0  0  0   1  0   5  0  0  0  0  0/1    20:02   2:05   0:00 
Austin Czarnik           1  1  2   1  0   2  2  0  0  0  4/4    19:41   2:19   1:44 
Buddy Robinson           0  1  1   1  0   2  1  0  0  0  1/1    20:02   2:05   0:00 
Carter Rowney            0  0  0   0  0   0  1  1  0  0  0/0    14:11   0:00   0:00 
Dylan Coghlan            1  1  2   1  0   3  0  3  0  0  0/0    24:47   2:55   1:20 
Egor Afanasyev           0  0  0   0  0   0  1  0  0  0  5/10    5:27   0:00   0:00 
Greg Meireles            0  0  0   0  0   0  0  0  0  0  0/0     0:00   0:00   0:00 
Hugh McGing              0  0  0   0  0   2  0  0  0  0  2/4    14:49   0:00   0:38 
Jacob Peterson           1  0  1   1  0   3  0  0  0  0  1/1    18:36   2:19   0:39 
Josh Doan                0  0  0   0  0   0  0  0  0  0  0/1     5:27   0:00   0:00 
Lane Pederson            0  1  1   1  0   5  5  0  0  0  15/22  20:41   2:05   0:39 
Libor Hajek              0  0  0   1  0   0  0  2  0  0  0/0    19:02   1:29   0:54 
Lucas Johansen           0  0  0   0  0   1  1  0  0  0  0/0    16:11   0:00   0:09 
MacKenzie Entwistle      0  3  3   1  2   3  2  0  0  0  15/27  24:29   2:19   1:06 
Marco Rossi              0  0  0   0  0   0  1  0  0  0  13/15  14:11   0:00   0:00 
Markus Niemelainen       0  0  0   1  2   3  3  2  0  0  0/0    24:05   2:55   0:00 
Nikolai Knyzhov          0  0  0   0  0   1  2  1  0  0  0/0    16:20   0:00   0:57 
Simon Edvinsson          1  0  1   1  0   2  3  1  0  0  0/0    19:34   1:29   1:26 

3 Stars

1 - Austin Czarnik (stl)
2 - Dylan Coghlan (stl)
3 - Simon Edvinsson (stl)

Power Play

BAKERSFIELD Condors - 1 on 2 Attempt(s) - 50,00%
SPRINGFIELD Thunderbirds - 1 on 3 Attempt(s) - 33,33%

Penalty Kill

BAKERSFIELD Condors - 2 on 3 Attempt(s) - 66,67% - Score 0 goal in Penalty Kill
SPRINGFIELD Thunderbirds - 1 on 2 Attempt(s) - 50,00% - Score 0 goal in Penalty Kill

Team Stat

BAKERSFIELD Condors - Hits : 28 - Faceoff Wins : 30 - Blocked Shots : 7 - Penalty Minutes : 6
SPRINGFIELD Thunderbirds - Hits : 22 - Faceoff Wins : 56 - Blocked Shots : 10 - Penalty Minutes : 4

Official

Referees : Unknown
Linesman : Unknown

Game Notes

No Game Note

BAKERSFIELD Condors

5 vs 5 Forward 
   Center                   Left Wing                Right Wing               Time % Phy DF OF 
 1 Lukas Reichel            Jack Quinn               J.J. Peterka             40     1   2  2  
 2 Will Bitten              Matej Blumel             Trey Fix-Wolansky        30     1   2  2  
 3 Thomas Bordeleau         Jack Quinn               Milos Kelemen            20     1   2  2  
 4 Shane Bowers             J.J. Peterka             Lukas Reichel            10     1   2  2  

5 vs 5 Defense 
   Defense                  Defense                                           Time % Phy DF OF 
 1 Haydn Fleury             Marcus Bjork                                      40     1   2  2  
 2 Trevor Carrick           Andrej Sustr                                      30     1   2  2  
 3 Wyatt Kaiser             Lassi Thomson                                     20     1   2  2  
 4 Madison Bowey            Ryan O'Rourke                                     10     1   2  2  

PowerPlay Forward 
   Center                   Left Wing                Right Wing               Time % Phy DF OF 
 1 Lukas Reichel            Jack Quinn               J.J. Peterka             60     1   2  2  
 2 Will Bitten              Matej Blumel             Trey Fix-Wolansky        40     1   2  2  

PowerPlay Defense
   Defense                  Defense                                           Time % Phy DF OF 
 1 Haydn Fleury             Marcus Bjork                                      60     1   2  2  
 2 Trevor Carrick           Andrej Sustr                                      40     1   2  2  

Penalty Kill 4 Players Forward 
   Center                   Wing                     Time % Phy DF OF 
 1 Jack Quinn               J.J. Peterka             60     1   2  2  
 2 Lukas Reichel            Trey Fix-Wolansky        40     1   2  2  

Penalty Kill 4 Players Defense
   Defense                  Defense                  Time % Phy DF OF 
 1 Haydn Fleury             Marcus Bjork             60     1   2  2  
 2 Trevor Carrick           Andrej Sustr             40     1   2  2  

Penalty Kill - 3 Players Forward 
   Forward                                           Time % Phy DF OF 
 1 Jack Quinn                                        60     1   2  2  
 2 J.J. Peterka                                      40     1   2  2  

Penalty Kill - 3 Players Defense
   Defense                  Defense                  Time % Phy DF OF 
 1 Haydn Fleury             Marcus Bjork             60     1   2  2  
 2 Trevor Carrick           Andrej Sustr             40     1   2  2  

4 vs 4 Forward 
   Center                   Wing                     Time % Phy DF OF 
 1 Jack Quinn               J.J. Peterka             60     1   2  2  
 2 Lukas Reichel            Trey Fix-Wolansky        40     1   2  2  

4 vs 4 Defense
   Defense                  Defense                  Time % Phy DF OF 
 1 Haydn Fleury             Marcus Bjork             60     1   2  2  
 2 Trevor Carrick           Andrej Sustr             40     1   2  2  

Last Minutes Offensive
   Center                   Left Wing                Right Wing               Defense                  Defense                  
   Lukas Reichel            Jack Quinn               J.J. Peterka             Haydn Fleury             Marcus Bjork             

Last Minutes Defensive
   Center                   Left Wing                Right Wing               Defense                  Defense                  
   Lukas Reichel            Jack Quinn               J.J. Peterka             Haydn Fleury             Marcus Bjork             

Goaltenders
Starting : Mads Sogaard             
Backup : Jaxson Stauber           
Third : Calle Clang              

Extra Forwards
Normal : Thomas Bordeleau, Milos Kelemen, Shane Bowers - PP : Thomas Bordeleau, Milos Kelemen - PK : Shane Bowers
Extra Defensemen
Normal : Otto Leskinen, Wyatt Kaiser, Lassi Thomson - PP : Otto Leskinen - PK : Wyatt Kaiser, Lassi Thomson
Penalty Shots
Jack Quinn, J.J. Peterka, Lukas Reichel, Trey Fix-Wolansky, Will Bitten

Scratches
Aleksi Saarela (Healthy), Greg Chase (Healthy), Vladislav Kamenev (Healthy), Anthony Louis (Healthy), Dylan Sadowy (Healthy)
Jonathan Dahlen (Healthy), Niclas Almari (Healthy), Carson Focht (Healthy)

SPRINGFIELD Thunderbirds

5 vs 5 Forward 
   Center                   Left Wing                Right Wing               Time % Phy DF OF 
 1 MacKenzie Entwistle      Jacob Peterson           Austin Czarnik           40     1   2  2  
 2 Lane Pederson            Andrew Agozzino          Buddy Robinson           30     1   2  2  
 3 Marco Rossi              Hugh McGing              Carter Rowney            20     1   2  2  
 4 Egor Afanasyev           MacKenzie Entwistle      Josh Doan                10     1   2  2  

5 vs 5 Defense 
   Defense                  Defense                                           Time % Phy DF OF 
 1 Dylan Coghlan            Markus Niemelainen                                40     1   2  2  
 2 Simon Edvinsson          Libor Hajek                                       30     1   2  2  
 3 Lucas Johansen           Nikolai Knyzhov                                   20     1   2  2  
 4 Dylan Coghlan            Markus Niemelainen                                10     1   2  2  

PowerPlay Forward 
   Center                   Left Wing                Right Wing               Time % Phy DF OF 
 1 MacKenzie Entwistle      Jacob Peterson           Austin Czarnik           60     1   2  2  
 2 Lane Pederson            Andrew Agozzino          Buddy Robinson           40     1   2  2  

PowerPlay Defense
   Defense                  Defense                                           Time % Phy DF OF 
 1 Dylan Coghlan            Markus Niemelainen                                60     1   2  2  
 2 Simon Edvinsson          Libor Hajek                                       40     1   2  2  

Penalty Kill 4 Players Forward 
   Center                   Wing                     Time % Phy DF OF 
 1 MacKenzie Entwistle      Austin Czarnik           60     1   2  2  
 2 Lane Pederson            Jacob Peterson           40     1   2  2  

Penalty Kill 4 Players Defense
   Defense                  Defense                  Time % Phy DF OF 
 1 Dylan Coghlan            Markus Niemelainen       60     1   2  2  
 2 Simon Edvinsson          Libor Hajek              40     1   2  2  

Penalty Kill - 3 Players Forward 
   Forward                                           Time % Phy DF OF 
 1 MacKenzie Entwistle                               60     1   2  2  
 2 Austin Czarnik                                    40     1   2  2  

Penalty Kill - 3 Players Defense
   Defense                  Defense                  Time % Phy DF OF 
 1 Dylan Coghlan            Markus Niemelainen       60     1   2  2  
 2 Simon Edvinsson          Libor Hajek              40     1   2  2  

4 vs 4 Forward 
   Center                   Wing                     Time % Phy DF OF 
 1 MacKenzie Entwistle      Austin Czarnik           60     1   2  2  
 2 Lane Pederson            Jacob Peterson           40     1   2  2  

4 vs 4 Defense
   Defense                  Defense                  Time % Phy DF OF 
 1 Dylan Coghlan            Markus Niemelainen       60     1   2  2  
 2 Simon Edvinsson          Libor Hajek              40     1   2  2  

Last Minutes Offensive
   Center                   Left Wing                Right Wing               Defense                  Defense                  
   MacKenzie Entwistle      Jacob Peterson           Austin Czarnik           Dylan Coghlan            Markus Niemelainen       

Last Minutes Defensive
   Center                   Left Wing                Right Wing               Defense                  Defense                  
   MacKenzie Entwistle      Jacob Peterson           Austin Czarnik           Dylan Coghlan            Markus Niemelainen       

Goaltenders
Starting : Dan Vladar               
Backup : Spencer Knight           
Third : Lukas Parik              

Extra Forwards
Normal : Greg Meireles, Marco Rossi, Hugh McGing - PP : Greg Meireles, Marco Rossi - PK : Hugh McGing
Extra Defensemen
Normal : Lucas Johansen, Nikolai Knyzhov, Simon Edvinsson - PP : Lucas Johansen - PK : Nikolai Knyzhov, Simon Edvinsson
Penalty Shots
MacKenzie Entwistle, Austin Czarnik, Lane Pederson, Jacob Peterson, Buddy Robinson

Scratches
Connor Hobbs (Healthy), Jesper Lindgren (Healthy), Joachim Blichfeld (Healthy), Teemu Kivihalme (Healthy), Grant Mismash (Healthy)
Ivan Lodnia (Healthy), Brad Lambert (Healthy), Carter Mazur (Healthy), Dmitry Ovchinnikov (Healthy)

% Time on Ice - BAKERSFIELD Condors

Lines # - Real PCT - Wanted PCT - Time Play
Normal Forward
1 - 19% - 40% - 10:01
2 - 36% - 30% - 19:07
3 - 26% - 20% - 13:52
4 - 19% - 10% - 10:13
Normal Defense
1 - 37% - 40% - 19:47
2 - 30% - 30% - 15:52
3 - 19% - 20% - 10:07
4 - 14% - 10% - 7:27
PP Forward
1 - 57% - 60% - 1:21
2 - 43% - 40% - 1:02
PP Defense
1 - 60% - 60% - 1:26
2 - 40% - 40% - 0:57
PK Forward
1 - 68% - 60% - 3:00
2 - 32% - 40% - 1:24
PK Defense
1 - 57% - 60% - 2:30
2 - 43% - 40% - 1:54
PK3 Forward
1 - 0% - 60%
2 - 0% - 40%
PK3 Defense
1 - 0% - 60%
2 - 0% - 40%
44 Forward
1 - 0% - 60%
2 - 0% - 40%
44 Defense
1 - 0% - 60%
2 - 0% - 40%
Last Minute Offensive  - 0:00
Last Minute Defensive  - 0:00
Total
Forward - 60:00
Defense - 60:00

% Time on Ice - SPRINGFIELD Thunderbirds

Lines # - Real PCT - Wanted PCT - Time Play
Normal Forward
1 - 29% - 40% - 15:38
2 - 34% - 30% - 17:57
3 - 27% - 20% - 14:11
4 - 10% - 10% - 5:27
Normal Defense
1 - 35% - 40% - 18:49
2 - 31% - 30% - 16:39
3 - 29% - 20% - 15:23
4 - 4% - 10% - 2:22
PP Forward
1 - 53% - 60% - 2:19
2 - 47% - 40% - 2:05
PP Defense
1 - 66% - 60% - 2:55
2 - 34% - 40% - 1:29
PK Forward
1 - 73% - 60% - 1:44
2 - 27% - 40% - 0:39
PK Defense
1 - 62% - 60% - 1:29
2 - 38% - 40% - 0:54
PK3 Forward
1 - 0% - 60%
2 - 0% - 40%
PK3 Defense
1 - 0% - 60%
2 - 0% - 40%
44 Forward
1 - 0% - 60%
2 - 0% - 40%
44 Defense
1 - 0% - 60%
2 - 0% - 40%
Last Minute Offensive  - 0:00
Last Minute Defensive  - 0:00
Total
Forward - 60:00
Defense - 60:00

Play-by-Play

1st period


0:01 of 1st period - MacKenzie Entwistle wins face-off versus Lukas Reichel in neutral zone.
0:04 of 1st period - Shot by Dylan Coghlan.
0:04 of 1st period - Shot Blocked by Haydn Fleury.
0:20 of 1st period - Shot by MacKenzie Entwistle.
0:20 of 1st period - Stopped by Mads Sogaard without a rebound.
0:21 of 1st period - Lane Pederson wins face-off versus Will Bitten in BAKERSFIELD Condors zone.
0:21 of 1st period - Lane Pederson is hit by Trevor Carrick.
0:26 of 1st period - Buddy Robinson is hit by Trevor Carrick and loses puck.
0:30 of 1st period - Icing by Andrej Sustr.
0:31 of 1st period - Marco Rossi wins face-off versus Will Bitten in BAKERSFIELD Condors zone.
0:34 of 1st period - Shot by Carter Rowney.
0:34 of 1st period - Shot Blocked by Trevor Carrick.
0:51 of 1st period - Minor Penalty to Trey Fix-Wolansky for Roughing.
0:52 of 1st period - Jack Quinn wins face-off versus MacKenzie Entwistle in BAKERSFIELD Condors zone.
0:52 of 1st period - Jack Quinn is hit by MacKenzie Entwistle.
1:03 of 1st period - Off-side.
1:04 of 1st period - Jack Quinn wins face-off versus Lane Pederson in neutral zone.
1:07 of 1st period - Lane Pederson is hit by J.J. Peterka and loses puck.
1:23 of 1st period - Shot by Lane Pederson.
1:23 of 1st period - Stopped by Mads Sogaard without a rebound.
1:24 of 1st period - MacKenzie Entwistle wins face-off versus Lukas Reichel in BAKERSFIELD Condors zone.
1:35 of 1st period - Shot by Markus Niemelainen.
1:35 of 1st period - Stopped by Mads Sogaard without a rebound.
1:36 of 1st period - Lane Pederson wins face-off versus Lukas Reichel in BAKERSFIELD Condors zone.
1:36 of 1st period - Dylan Coghlan is hit by Haydn Fleury and loses puck.
2:20 of 1st period - Lukas Reichel is hit by Buddy Robinson and loses puck.
3:05 of 1st period - Matej Blumel is hit by Nikolai Knyzhov and loses puck.
3:28 of 1st period - Shot by Will Bitten.
3:28 of 1st period - Stopped by Dan Vladar with a rebound.
3:48 of 1st period - MacKenzie Entwistle is hit by Thomas Bordeleau and loses puck.
4:07 of 1st period - Shot by Jack Quinn.
4:07 of 1st period - Shot Misses the Net.
5:09 of 1st period - Shot by Lane Pederson.
5:09 of 1st period - Shot Misses the Net.
6:40 of 1st period - Icing by Shane Bowers.
6:41 of 1st period - Lane Pederson wins face-off versus Shane Bowers in BAKERSFIELD Condors zone.
6:41 of 1st period - Lane Pederson is hit by Lassi Thomson.
8:15 of 1st period - Off-side.
8:16 of 1st period - Lukas Reichel wins face-off versus MacKenzie Entwistle in neutral zone.
8:28 of 1st period - Off-side.
8:29 of 1st period - Shane Bowers wins face-off versus MacKenzie Entwistle in neutral zone.
9:35 of 1st period - Shot by Marco Rossi.
9:35 of 1st period - Deflect By Carter Rowney.
9:35 of 1st period - Shot Misses the Net.
9:52 of 1st period - Icing by Libor Hajek.
9:53 of 1st period - Marco Rossi wins face-off versus Will Bitten in SPRINGFIELD Thunderbirds zone.
10:08 of 1st period - Shot by Will Bitten.
10:08 of 1st period - Shot Misses the Net.
10:10 of 1st period - Shot by Lassi Thomson.
10:10 of 1st period - Shot Misses the Net.
10:12 of 1st period - Shot by Wyatt Kaiser.
10:12 of 1st period - Stopped by Dan Vladar with a rebound.
11:11 of 1st period - Milos Kelemen is hit by Lane Pederson and loses puck.
11:43 of 1st period - Shot by Dylan Coghlan.
11:43 of 1st period - Stopped by Mads Sogaard without a rebound.
11:44 of 1st period - Will Bitten wins face-off versus Egor Afanasyev in BAKERSFIELD Condors zone.
12:04 of 1st period - Shot by Madison Bowey.
12:04 of 1st period - Stopped by Dan Vladar with a rebound.
12:36 of 1st period - Shot by Lukas Reichel.
12:36 of 1st period - Deflect By Jack Quinn.
12:36 of 1st period - Stopped by Dan Vladar without a rebound.
12:37 of 1st period - Lane Pederson wins face-off versus Shane Bowers in SPRINGFIELD Thunderbirds zone.
14:01 of 1st period - Off-side.
14:02 of 1st period - Marco Rossi wins face-off versus Will Bitten in neutral zone.
14:17 of 1st period - Shot by Hugh McGing.
14:17 of 1st period - Stopped by Mads Sogaard without a rebound.
14:18 of 1st period - Thomas Bordeleau wins face-off versus Andrew Agozzino in BAKERSFIELD Condors zone.
14:18 of 1st period - Thomas Bordeleau is hit by Lane Pederson.
14:23 of 1st period - Jack Quinn is hit by Lane Pederson.
14:41 of 1st period - Shot by Jack Quinn.
14:41 of 1st period - Stopped by Dan Vladar with a rebound.
15:07 of 1st period - Matej Blumel is hit by Simon Edvinsson and loses puck.
15:35 of 1st period - Icing by Dylan Coghlan.
15:36 of 1st period - MacKenzie Entwistle wins face-off versus Lukas Reichel in SPRINGFIELD Thunderbirds zone.
16:30 of 1st period - Marco Rossi is hit by J.J. Peterka.
16:33 of 1st period - Trevor Carrick is hit by Nikolai Knyzhov and loses puck.
16:54 of 1st period - Off-side.
16:55 of 1st period - Thomas Bordeleau wins face-off versus Egor Afanasyev in neutral zone.
17:01 of 1st period - Milos Kelemen is hit by Markus Niemelainen and loses puck.
17:02 of 1st period - Minor Penalty to Markus Niemelainen for Slashing.
17:03 of 1st period - MacKenzie Entwistle wins face-off versus Will Bitten in SPRINGFIELD Thunderbirds zone.
17:39 of 1st period - Icing by Haydn Fleury.
17:40 of 1st period - Lane Pederson wins face-off versus Will Bitten in BAKERSFIELD Condors zone.
18:06 of 1st period - Icing by Trevor Carrick.
18:07 of 1st period - Lukas Reichel wins face-off versus MacKenzie Entwistle in BAKERSFIELD Condors zone.
18:11 of 1st period - Jack Quinn is hit by MacKenzie Entwistle and loses puck.
18:32 of 1st period - J.J. Peterka is hit by Lane Pederson and loses puck.
18:38 of 1st period - Icing by Andrej Sustr.
18:39 of 1st period - Lukas Reichel wins face-off versus Hugh McGing in BAKERSFIELD Condors zone.
Goals for this period are 0 for BAKERSFIELD Condors vs 0 for SPRINGFIELD Thunderbirds.
Shots for this period are 5 for BAKERSFIELD Condors vs 5 for SPRINGFIELD Thunderbirds.

2nd period


0:01 of 2nd period - Jacob Peterson wins face-off versus Jack Quinn in neutral zone.
0:34 of 2nd period - Jacob Peterson is hit by Lukas Reichel and loses puck.
1:13 of 2nd period - Andrew Agozzino is hit by Andrej Sustr and loses puck.
1:25 of 2nd period - Shot by Matej Blumel.
1:25 of 2nd period - Deflect By Will Bitten.
1:25 of 2nd period - Stopped by Dan Vladar with a rebound.
1:43 of 2nd period - Shot by Lane Pederson.
1:43 of 2nd period - Stopped by Mads Sogaard without a rebound.
1:44 of 2nd period - Marco Rossi wins face-off versus Shane Bowers in BAKERSFIELD Condors zone.
1:48 of 2nd period - Icing by Ryan O'Rourke.
1:49 of 2nd period - Marco Rossi wins face-off versus Shane Bowers in BAKERSFIELD Condors zone.
2:35 of 2nd period - Icing by Nikolai Knyzhov.
2:36 of 2nd period - Hugh McGing wins face-off versus Will Bitten in SPRINGFIELD Thunderbirds zone.
2:36 of 2nd period - Hugh McGing is hit by Trey Fix-Wolansky.
3:17 of 2nd period - Icing by Trey Fix-Wolansky.
3:18 of 2nd period - Lane Pederson wins face-off versus Will Bitten in BAKERSFIELD Condors zone.
4:06 of 2nd period - Lane Pederson is hit by Jack Quinn and loses puck.
4:36 of 2nd period - Jack Quinn is hit by Markus Niemelainen and loses puck.
4:44 of 2nd period - Icing by Markus Niemelainen.
4:45 of 2nd period - MacKenzie Entwistle wins face-off versus J.J. Peterka in SPRINGFIELD Thunderbirds zone.
4:52 of 2nd period - Shot by Jacob Peterson.
4:52 of 2nd period - Goal by Jacob Peterson - BAKERSFIELD Condors : 0 - SPRINGFIELD Thunderbirds : 1.
4:53 of 2nd period - Marco Rossi wins face-off versus Shane Bowers in neutral zone.
4:53 of 2nd period - Marco Rossi is hit by Shane Bowers.
5:01 of 2nd period - Shot by Nikolai Knyzhov.
5:01 of 2nd period - Stopped by Mads Sogaard without a rebound.
5:02 of 2nd period - MacKenzie Entwistle wins face-off versus Shane Bowers in BAKERSFIELD Condors zone.
5:25 of 2nd period - Shot by J.J. Peterka.
5:25 of 2nd period - Shot Blocked by Dylan Coghlan.
5:27 of 2nd period - Shot by Lukas Reichel.
5:27 of 2nd period - Shot Misses the Net.
5:29 of 2nd period - Shot by Madison Bowey.
5:29 of 2nd period - Shot Misses the Net.
5:31 of 2nd period - Shot by J.J. Peterka.
5:31 of 2nd period - Shot Misses the Net.
5:39 of 2nd period - Shot by Lukas Reichel.
5:39 of 2nd period - Shot Blocked by Dylan Coghlan.
6:19 of 2nd period - Shot by Jack Quinn.
6:19 of 2nd period - Shot Misses the Net.
6:21 of 2nd period - Shot by Jack Quinn.
6:21 of 2nd period - Shot Blocked by Nikolai Knyzhov.
6:40 of 2nd period - Matej Blumel is hit by Lane Pederson and loses puck.
6:51 of 2nd period - Shot by Andrew Agozzino.
6:51 of 2nd period - Shot Misses the Net.
6:53 of 2nd period - Shot by Lane Pederson.
6:53 of 2nd period - Shot Blocked by Trevor Carrick.
6:55 of 2nd period - Shot by Buddy Robinson.
6:55 of 2nd period - Shot Blocked by Trevor Carrick.
7:09 of 2nd period - Buddy Robinson is hit by Andrej Sustr and loses puck.
7:25 of 2nd period - Icing by Trevor Carrick.
7:26 of 2nd period - Austin Czarnik wins face-off versus Will Bitten in BAKERSFIELD Condors zone.
7:26 of 2nd period - Austin Czarnik is hit by Trevor Carrick.
7:28 of 2nd period - Shot by Jacob Peterson.
7:28 of 2nd period - Stopped by Mads Sogaard without a rebound.
7:29 of 2nd period - MacKenzie Entwistle wins face-off versus Lukas Reichel in BAKERSFIELD Condors zone.
7:30 of 2nd period - Shot by Markus Niemelainen.
7:30 of 2nd period - Stopped by Mads Sogaard without a rebound.
7:31 of 2nd period - Lukas Reichel wins face-off versus MacKenzie Entwistle in BAKERSFIELD Condors zone.
7:50 of 2nd period - Shot by Jack Quinn.
7:50 of 2nd period - Shot Misses the Net.
7:56 of 2nd period - Shot by Jack Quinn.
7:56 of 2nd period - Stopped by Dan Vladar with a rebound.
9:13 of 2nd period - Wyatt Kaiser is hit by Marco Rossi and loses puck.
9:30 of 2nd period - Shot by Trevor Carrick.
9:30 of 2nd period - Shot Blocked by Libor Hajek.
9:32 of 2nd period - Shot by Trevor Carrick.
9:32 of 2nd period - Shot Misses the Net.
9:34 of 2nd period - Shot by Andrej Sustr.
9:34 of 2nd period - Shot Blocked by Carter Rowney.
9:36 of 2nd period - Shot by Trey Fix-Wolansky.
9:36 of 2nd period - Stopped by Dan Vladar without a rebound.
9:37 of 2nd period - Egor Afanasyev wins face-off versus Lukas Reichel in SPRINGFIELD Thunderbirds zone.
9:41 of 2nd period - Icing by Dylan Coghlan.
9:42 of 2nd period - Egor Afanasyev wins face-off versus Lukas Reichel in SPRINGFIELD Thunderbirds zone.
10:46 of 2nd period - Shot by Trey Fix-Wolansky.
10:46 of 2nd period - Stopped by Dan Vladar without a rebound.
10:47 of 2nd period - Marco Rossi wins face-off versus Will Bitten in SPRINGFIELD Thunderbirds zone.
10:55 of 2nd period - Icing by Madison Bowey.
10:56 of 2nd period - Will Bitten wins face-off versus Lane Pederson in BAKERSFIELD Condors zone.
11:01 of 2nd period - Shot by Matej Blumel.
11:01 of 2nd period - Shot Misses the Net.
11:15 of 2nd period - Shot by Lane Pederson.
11:15 of 2nd period - Deflect By Buddy Robinson.
11:15 of 2nd period - Shot Misses the Net.
11:57 of 2nd period - Jack Quinn is hit by Carter Rowney.
12:10 of 2nd period - Shot by Jack Quinn.
12:10 of 2nd period - Shot Misses the Net.
13:21 of 2nd period - Icing by MacKenzie Entwistle.
13:22 of 2nd period - MacKenzie Entwistle wins face-off versus J.J. Peterka in SPRINGFIELD Thunderbirds zone.
13:22 of 2nd period - MacKenzie Entwistle is hit by Jack Quinn.
13:33 of 2nd period - Icing by Dylan Coghlan.
13:34 of 2nd period - Will Bitten wins face-off versus MacKenzie Entwistle in SPRINGFIELD Thunderbirds zone.
13:42 of 2nd period - Dylan Coghlan is hit by Trey Fix-Wolansky and loses puck.
13:44 of 2nd period - Minor Penalty to MacKenzie Entwistle for Slashing.
13:45 of 2nd period - Lukas Reichel wins face-off versus Hugh McGing in SPRINGFIELD Thunderbirds zone.
14:04 of 2nd period - Shot by Lukas Reichel.
14:04 of 2nd period - Shot Misses the Net.
14:06 of 2nd period - Shot by Haydn Fleury.
14:06 of 2nd period - Shot Blocked by Simon Edvinsson.
14:08 of 2nd period - Shot by Jack Quinn.
14:08 of 2nd period - Goal by Jack Quinn - BAKERSFIELD Condors : 1 - SPRINGFIELD Thunderbirds : 1.
14:09 of 2nd period - Lane Pederson wins face-off versus Will Bitten in neutral zone.
14:12 of 2nd period - Shot by Andrew Agozzino.
14:12 of 2nd period - Stopped by Mads Sogaard without a rebound.
14:13 of 2nd period - Will Bitten wins face-off versus Lane Pederson in BAKERSFIELD Condors zone.
14:30 of 2nd period - Shot by Buddy Robinson.
14:30 of 2nd period - Stopped by Mads Sogaard without a rebound.
14:31 of 2nd period - Egor Afanasyev wins face-off versus Lukas Reichel in BAKERSFIELD Condors zone.
14:31 of 2nd period - Egor Afanasyev is hit by Marcus Bjork.
14:38 of 2nd period - Minor Penalty to Marcus Bjork for Cross-checking.
14:39 of 2nd period - Jack Quinn wins face-off versus MacKenzie Entwistle in BAKERSFIELD Condors zone.
14:56 of 2nd period - Shot by Jacob Peterson.
14:56 of 2nd period - Stopped by Mads Sogaard with a rebound.
14:58 of 2nd period - Shot by Markus Niemelainen.
14:58 of 2nd period - Stopped by Mads Sogaard with a rebound.
15:00 of 2nd period - Shot by Dylan Coghlan.
15:00 of 2nd period - Deflect By Austin Czarnik.
15:00 of 2nd period - Shot Blocked by Haydn Fleury.
15:02 of 2nd period - Shot by MacKenzie Entwistle.
15:02 of 2nd period - Deflect By Austin Czarnik.
15:02 of 2nd period - Shot Blocked by Haydn Fleury.
15:04 of 2nd period - Shot by Dylan Coghlan.
15:04 of 2nd period - Goal by Dylan Coghlan - BAKERSFIELD Condors : 1 - SPRINGFIELD Thunderbirds : 2.
15:05 of 2nd period - Lane Pederson wins face-off versus Will Bitten in neutral zone.
15:09 of 2nd period - Shot by Buddy Robinson.
15:09 of 2nd period - Stopped by Mads Sogaard without a rebound.
15:10 of 2nd period - Lane Pederson wins face-off versus Will Bitten in BAKERSFIELD Condors zone.
15:21 of 2nd period - Shot by Andrew Agozzino.
15:21 of 2nd period - Stopped by Mads Sogaard with a rebound.
15:37 of 2nd period - Shot by Lane Pederson.
15:37 of 2nd period - Deflect By Andrew Agozzino.
15:37 of 2nd period - Stopped by Mads Sogaard without a rebound.
15:38 of 2nd period - J.J. Peterka wins face-off versus MacKenzie Entwistle in BAKERSFIELD Condors zone.
16:49 of 2nd period - Simon Edvinsson is hit by Matej Blumel and loses puck.
17:05 of 2nd period - Shot by Trey Fix-Wolansky.
17:05 of 2nd period - Shot Hit the Post.
18:10 of 2nd period - Icing by Madison Bowey.
18:11 of 2nd period - Shane Bowers wins face-off versus Josh Doan in BAKERSFIELD Condors zone.
18:15 of 2nd period - J.J. Peterka is hit by Simon Edvinsson and loses puck.
18:28 of 2nd period - Libor Hajek is hit by Shane Bowers and loses puck.
18:58 of 2nd period - Icing by Simon Edvinsson.
18:59 of 2nd period - Egor Afanasyev wins face-off versus Will Bitten in SPRINGFIELD Thunderbirds zone.
Goals for this period are 1 for BAKERSFIELD Condors vs 2 for SPRINGFIELD Thunderbirds.
Shots for this period are 5 for BAKERSFIELD Condors vs 13 for SPRINGFIELD Thunderbirds.

3rd period


0:01 of 3rd period - Lukas Reichel wins face-off versus MacKenzie Entwistle in neutral zone.
0:16 of 3rd period - Shot by Austin Czarnik.
0:16 of 3rd period - Shot Blocked by Marcus Bjork.
0:26 of 3rd period - Shot by J.J. Peterka.
0:26 of 3rd period - Shot Blocked by Markus Niemelainen.
0:28 of 3rd period - Shot by Haydn Fleury.
0:28 of 3rd period - Goal by Haydn Fleury - BAKERSFIELD Condors : 2 - SPRINGFIELD Thunderbirds : 2.
0:29 of 3rd period - Will Bitten wins face-off versus Lane Pederson in neutral zone.
0:46 of 3rd period - Shot by Andrew Agozzino.
0:46 of 3rd period - Stopped by Mads Sogaard without a rebound.
0:47 of 3rd period - Marco Rossi wins face-off versus Lukas Reichel in BAKERSFIELD Condors zone.
0:51 of 3rd period - Minor Penalty to Lassi Thomson for Hooking.
0:52 of 3rd period - MacKenzie Entwistle wins face-off versus Jack Quinn in BAKERSFIELD Condors zone.
1:11 of 3rd period - Shot by Dylan Coghlan.
1:11 of 3rd period - Shot Misses the Net.
1:13 of 3rd period - Shot by Dylan Coghlan.
1:13 of 3rd period - Stopped by Mads Sogaard without a rebound.
1:14 of 3rd period - Lane Pederson wins face-off versus Jack Quinn in BAKERSFIELD Condors zone.
1:15 of 3rd period - Shot by Simon Edvinsson.
1:15 of 3rd period - Stopped by Mads Sogaard without a rebound.
1:16 of 3rd period - Lane Pederson wins face-off versus Jack Quinn in BAKERSFIELD Condors zone.
2:10 of 3rd period - Marcus Bjork is hit by Austin Czarnik and loses puck.
2:21 of 3rd period - J.J. Peterka is hit by Austin Czarnik and loses puck.
3:14 of 3rd period - Shot by Carter Rowney.
3:14 of 3rd period - Shot Misses the Net.
3:16 of 3rd period - Shot by Lucas Johansen.
3:16 of 3rd period - Stopped by Mads Sogaard without a rebound.
3:17 of 3rd period - MacKenzie Entwistle wins face-off versus Matej Blumel in BAKERSFIELD Condors zone.
3:23 of 3rd period - Off-side.
3:24 of 3rd period - Lane Pederson wins face-off versus Shane Bowers in neutral zone.
4:20 of 3rd period - Shot by Trevor Carrick.
4:20 of 3rd period - Stopped by Dan Vladar without a rebound.
4:21 of 3rd period - Thomas Bordeleau wins face-off versus Marco Rossi in SPRINGFIELD Thunderbirds zone.
4:29 of 3rd period - Milos Kelemen is hit by Simon Edvinsson and loses puck.
4:33 of 3rd period - Icing by Libor Hajek.
4:34 of 3rd period - Marco Rossi wins face-off versus Will Bitten in SPRINGFIELD Thunderbirds zone.
4:34 of 3rd period - Simon Edvinsson is hit by Will Bitten.
4:42 of 3rd period - Shot by Trey Fix-Wolansky.
4:42 of 3rd period - Stopped by Dan Vladar without a rebound.
4:43 of 3rd period - Austin Czarnik wins face-off versus Thomas Bordeleau in SPRINGFIELD Thunderbirds zone.
4:50 of 3rd period - Shot by Austin Czarnik.
4:50 of 3rd period - Goal by Austin Czarnik - BAKERSFIELD Condors : 2 - SPRINGFIELD Thunderbirds : 3.
4:51 of 3rd period - Austin Czarnik wins face-off versus Lukas Reichel in neutral zone.
5:31 of 3rd period - Dylan Coghlan is hit by Haydn Fleury and loses puck.
6:46 of 3rd period - Icing by Nikolai Knyzhov.
6:47 of 3rd period - Hugh McGing wins face-off versus Thomas Bordeleau in SPRINGFIELD Thunderbirds zone.
7:24 of 3rd period - Icing by Nikolai Knyzhov.
7:25 of 3rd period - Marco Rossi wins face-off versus J.J. Peterka in SPRINGFIELD Thunderbirds zone.
8:02 of 3rd period - Icing by Haydn Fleury.
8:03 of 3rd period - MacKenzie Entwistle wins face-off versus Shane Bowers in BAKERSFIELD Condors zone.
8:34 of 3rd period - Shot by Austin Czarnik.
8:34 of 3rd period - Stopped by Mads Sogaard with a rebound.
9:06 of 3rd period - Shot by Trevor Carrick.
9:06 of 3rd period - Deflect By Will Bitten.
9:06 of 3rd period - Stopped by Dan Vladar without a rebound.
9:07 of 3rd period - Buddy Robinson wins face-off versus Thomas Bordeleau in SPRINGFIELD Thunderbirds zone.
9:07 of 3rd period - Lane Pederson is hit by Thomas Bordeleau.
9:28 of 3rd period - Shot by Andrew Agozzino.
9:28 of 3rd period - Stopped by Mads Sogaard with a rebound.
9:34 of 3rd period - Shot by Lane Pederson.
9:34 of 3rd period - Stopped by Mads Sogaard without a rebound.
9:35 of 3rd period - Will Bitten wins face-off versus Egor Afanasyev in BAKERSFIELD Condors zone.
9:35 of 3rd period - Matej Blumel is hit by Egor Afanasyev and loses puck.
9:39 of 3rd period - Icing by Andrej Sustr.
9:40 of 3rd period - Egor Afanasyev wins face-off versus Will Bitten in BAKERSFIELD Condors zone.
9:43 of 3rd period - Shot by MacKenzie Entwistle.
9:43 of 3rd period - Stopped by Mads Sogaard without a rebound.
9:44 of 3rd period - MacKenzie Entwistle wins face-off versus Will Bitten in BAKERSFIELD Condors zone.
9:53 of 3rd period - Shot by MacKenzie Entwistle.
9:53 of 3rd period - Stopped by Mads Sogaard without a rebound.
9:54 of 3rd period - Lane Pederson wins face-off versus Jack Quinn in BAKERSFIELD Condors zone.
10:27 of 3rd period - Shot by Buddy Robinson.
10:27 of 3rd period - Shot Misses the Net.
10:29 of 3rd period - Shot by Simon Edvinsson.
10:29 of 3rd period - Goal by Simon Edvinsson - BAKERSFIELD Condors : 2 - SPRINGFIELD Thunderbirds : 4.
10:30 of 3rd period - Matej Blumel wins face-off versus MacKenzie Entwistle in neutral zone.
10:33 of 3rd period - Shot by Trevor Carrick.
10:33 of 3rd period - Deflect By Matej Blumel.
10:33 of 3rd period - Shot Misses the Net.
10:35 of 3rd period - Shot by Trey Fix-Wolansky.
10:35 of 3rd period - Stopped by Dan Vladar without a rebound.
10:36 of 3rd period - Will Bitten wins face-off versus MacKenzie Entwistle in SPRINGFIELD Thunderbirds zone.
10:56 of 3rd period - Jacob Peterson is hit by Andrej Sustr and loses puck.
11:25 of 3rd period - Buddy Robinson is hit by Will Bitten and loses puck.
12:08 of 3rd period - Shot by J.J. Peterka.
12:08 of 3rd period - Stopped by Dan Vladar without a rebound.
12:09 of 3rd period - Thomas Bordeleau wins face-off versus Marco Rossi in SPRINGFIELD Thunderbirds zone.
12:14 of 3rd period - Shot by Jack Quinn.
12:14 of 3rd period - Shot Blocked by Libor Hajek.
12:18 of 3rd period - Shot by Jack Quinn.
12:18 of 3rd period - Deflect By Thomas Bordeleau.
12:18 of 3rd period - Shot Misses the Net.
12:22 of 3rd period - Shot by Jack Quinn.
12:22 of 3rd period - Shot Misses the Net.
12:24 of 3rd period - Shot by Wyatt Kaiser.
12:24 of 3rd period - Shot Misses the Net.
12:48 of 3rd period - Icing by Simon Edvinsson.
12:49 of 3rd period - Marco Rossi wins face-off versus Shane Bowers in SPRINGFIELD Thunderbirds zone.
12:49 of 3rd period - Marco Rossi is hit by Lukas Reichel.
13:09 of 3rd period - Shot by Lukas Reichel.
13:09 of 3rd period - Stopped by Dan Vladar without a rebound.
13:10 of 3rd period - Austin Czarnik wins face-off versus Will Bitten in SPRINGFIELD Thunderbirds zone.
13:18 of 3rd period - Icing by Haydn Fleury.
13:19 of 3rd period - MacKenzie Entwistle wins face-off versus Will Bitten in BAKERSFIELD Condors zone.
13:20 of 3rd period - Shot by Dylan Coghlan.
13:20 of 3rd period - Shot Misses the Net.
13:32 of 3rd period - Off-side.
13:33 of 3rd period - Shane Bowers wins face-off versus Lane Pederson in neutral zone.
13:42 of 3rd period - Shot by Lane Pederson.
13:42 of 3rd period - Shot Misses the Net.
14:58 of 3rd period - Will Bitten is hit by Markus Niemelainen.
15:00 of 3rd period - Shot by Trey Fix-Wolansky.
15:00 of 3rd period - Shot Blocked by Markus Niemelainen.
15:18 of 3rd period - Shot by Milos Kelemen.
15:18 of 3rd period - Stopped by Dan Vladar without a rebound.
15:19 of 3rd period - Marco Rossi wins face-off versus Thomas Bordeleau in SPRINGFIELD Thunderbirds zone.
15:19 of 3rd period - Marco Rossi is hit by Jack Quinn.
15:51 of 3rd period - Shot by Jack Quinn.
15:51 of 3rd period - Stopped by Dan Vladar without a rebound.
15:52 of 3rd period - Lane Pederson wins face-off versus Shane Bowers in SPRINGFIELD Thunderbirds zone.
16:00 of 3rd period - Icing by Nikolai Knyzhov.
16:01 of 3rd period - Will Bitten wins face-off versus Lane Pederson in SPRINGFIELD Thunderbirds zone.
16:01 of 3rd period - Will Bitten is hit by Lucas Johansen.
16:25 of 3rd period - Shot by Lane Pederson.
16:25 of 3rd period - Stopped by Mads Sogaard without a rebound.
16:26 of 3rd period - Lukas Reichel wins face-off versus Egor Afanasyev in BAKERSFIELD Condors zone.
17:13 of 3rd period - Icing by MacKenzie Entwistle.
17:14 of 3rd period - Trey Fix-Wolansky wins face-off versus Egor Afanasyev in SPRINGFIELD Thunderbirds zone.
17:36 of 3rd period - Shot by Marcus Bjork.
17:36 of 3rd period - Stopped by Dan Vladar without a rebound.
17:37 of 3rd period - Marco Rossi wins face-off versus Thomas Bordeleau in SPRINGFIELD Thunderbirds zone.
17:37 of 3rd period - Marco Rossi is hit by Milos Kelemen.
17:42 of 3rd period - Nikolai Knyzhov is hit by Lassi Thomson and loses puck.
17:53 of 3rd period - Shot by Hugh McGing.
17:53 of 3rd period - Stopped by Mads Sogaard with a rebound.
18:34 of 3rd period - Shot by Simon Edvinsson.
18:34 of 3rd period - Shot Misses the Net.
18:37 of 3rd period - Icing by Haydn Fleury.
18:38 of 3rd period - Will Bitten wins face-off versus MacKenzie Entwistle in BAKERSFIELD Condors zone.
18:44 of 3rd period - Icing by Haydn Fleury.
18:45 of 3rd period - MacKenzie Entwistle wins face-off versus Will Bitten in BAKERSFIELD Condors zone.
19:04 of 3rd period - Shot by Will Bitten.
19:04 of 3rd period - Stopped by Dan Vladar without a rebound.
19:05 of 3rd period - Lane Pederson wins face-off versus Shane Bowers in SPRINGFIELD Thunderbirds zone.
19:28 of 3rd period - Shot by Lane Pederson.
19:28 of 3rd period - Stopped by Mads Sogaard without a rebound.
19:29 of 3rd period - MacKenzie Entwistle wins face-off versus Will Bitten in BAKERSFIELD Condors zone.
19:50 of 3rd period - Shot by Will Bitten.
19:50 of 3rd period - Shot Blocked by Dylan Coghlan.
19:54 of 3rd period - Shot by Trey Fix-Wolansky.
19:54 of 3rd period - Shot Misses the Net.
19:56 of 3rd period - Shot by Haydn Fleury.
19:56 of 3rd period - Stopped by Dan Vladar without a rebound.
19:57 of 3rd period - Lukas Reichel wins face-off versus Lane Pederson in SPRINGFIELD Thunderbirds zone.
Goals for this period are 1 for BAKERSFIELD Condors vs 2 for SPRINGFIELD Thunderbirds.
Shots for this period are 12 for BAKERSFIELD Condors vs 14 for SPRINGFIELD Thunderbirds. Output by the SimonT Hockey Simulator (STHS) for Martin Benoit - Original Page W3C HTML5 Valid
Hockey Simulator - Hockey Simulation - Hockey Manager